 Dungeon Crawl Stone Soup version 0.15-a0-23-gfd8676b (webtiles) character file.

143 Herrn the Skirmisher (level 4, -6/29 HPs)
             Began as a Kobold Fighter on Mar 31, 2014.
             Killed by divine providence
             ... invoked by an orc priest
              (15 damage)
             ... on Level 3 of the Dungeon.
             The game lasted 00:04:42 (955 turns).

Herrn the Skirmisher (Kobold Fighter)                Turns: 955, Time: 00:04:43

HP  -6/29        AC  9     Str 15      XL: 4   Next: 28%
MP   5/5         EV  7     Int  6      God:
Gold 81          SH 18     Dex 15      Spells:  0 memorised,  5 levels left

rFire  x . .     SeeInvis .     v - -2,+0 dagger (curse)
rCold  + . .     Clarity  .     b - +0 scale mail
rNeg   . . .     Conserve .     w - +0 shield
rPois  .         rCorr    .     k - +0 helmet
rElec  .         rRot     .     (no cloak)
SustAb . .       Spirit   .     g - +0 pair of gloves
rMut   .         Warding  .     j - +0 pair of boots
Saprov + + .     Stasis   .     (no amulet)
MR     .....                    (no ring)
                                o - ring of ice

@: lethally poisoned, not resistant to hostile enchantments, extremely
unstealthy
A: disease resistance, carnivore 3, saprovore 2
a: no special abilities


You were on level 3 of the Dungeon.
You were very full.

You visited 1 branch of the dungeon, and saw 3 of its levels.

You collected 81 gold pieces.

Inventory:

Hand weapons
 a - a +0,+0 cutlass
 v - a cursed -2,+0 dagger (weapon)
Armour
 b - a +0 scale mail (worn)
 g - a +0 pair of gloves (worn)
 j - a +0 pair of boots (worn)
 k - a +0 helmet (worn)
 w - a +0 shield (worn)
Comestibles
 d - a meat ration
 q - a beef jerky
Scrolls
 i - a scroll of immolation {unknown}
 m - 3 scrolls of remove curse {unknown}
 n - 2 scrolls of identify {unknown}
 p - a scroll of enchant weapon I {unknown}
 r - 2 scrolls of fear {unknown}
 s - a scroll of recharging {unknown}
 u - a scroll of magic mapping {unknown}
Jewellery
 o - a ring of ice (left hand)
Potions
 e - 2 potions of might
 f - a potion of haste {unknown}
 h - a potion of beneficial mutation {unknown}
 l - a potion of flight {unknown}
 t - a potion of heal wounds {unknown}


   Skills:
 * Level 4.2 Fighting
 + Level 3.5 Short Blades
 - Level 2.4 Armour
 * Level 1.6 Dodging
 - Level 2.4 Shields
 * Level 1.0 Spellcasting


You had 5 spell levels left.
You didn't know any spells.

Dungeon Overview and Level Annotations

Branches:
Dungeon (3/15)

Altars:
Fedhas
Xom


Innate Abilities, Weirdness & Mutations

You recuperate from illness quickly.
You are small and have problems with some larger weapons.
You are carnivorous and can eat meat at any time.
You can eat rotten meat.


Message History

You closely miss the goblin.
The goblin is severely wounded.
The goblin hits you but does no damage.
You hit the goblin.
You kill the goblin!
You feel sick.
You hit the orc priest.
The orc priest is moderately wounded.
The orc priest hits you with a dagger.
You hit the orc priest.
The orc priest is moderately wounded.
You hit the orc.
The orc is moderately wounded.
You closely miss the orc.
The orc is moderately wounded.
You feel sick. You block the orc's attack.
The orc priest calls down the wrath of Beogh upon you.
Something smites you!
Ouch! That really hurt!
You die...

###### .......
..!.... ..<....
#########....g...
........<........
........oo....o..
########o###.....
#@# .o. #.# . #.#
#.# #.# #.# #.#
#.# ...


You could see an orc priest and 2 orcs.

Vanquished Creatures
  4 adders
  A giant gecko (D:1)
  3 bats (D:1)
  A giant cockroach (D:3)
  6 hobgoblins
  A ball python (D:1)
  2 giant newts
  7 goblins
  A kobold (D:2)
  4 rats (D:1)
30 creatures vanquished.

Notes
Turn   | Place    | Note
--------------------------------------------------------------
     0 | D:1      | Herrn, the Kobold Fighter, began the quest for the Orb.
     0 | D:1      | Reached XP level 1. HP: 14/14 MP: 1/1
   132 | D:1      | Reached XP level 2. HP: 19/19 MP: 2/2
   262 | D:1      | Found a shimmering altar of Xom.
   263 | D:1      | Found a shimmering altar of Xom.
   266 | D:1      | Found a shimmering altar of Xom.
   270 | D:1      | Found a shimmering altar of Xom.
   276 | D:1      | Found a shimmering altar of Xom.
   402 | D:1      | Reached skill level 1 in Dodging
   579 | D:2      | Reached XP level 3. HP: 22/24 MP: 3/3
   718 | D:2      | Reached skill level 4 in Fighting
   771 | D:2      | Found a blossoming altar of Fedhas.
   835 | D:2      | Reached XP level 4. HP: 29/29 MP: 4/4
   940 | D:3      | Reached skill level 1 in Spellcasting
   955 | D:3      | Killed from afar by an orc priest

Action                   |  1- 3 |  4- 6 || total
-------------------------+-------+-------++-------
Melee: Cutlass           |    80 |       ||    80
       Dagger            |       |    31 ||    31
